 Dungeon Crawl Stone Soup version 0.26.0-45-g9c1d065592 (webtiles) character file.

Game seed: 9463167087538330660

480 runemasterragnar the Ruffian (level 6, -2/61 HPs)
             Began as a Troll Delver on Jan 30, 2021.
             Was a Believer of Vehumet.
             Succumbed to an orc wizard's poison
             ... on level 3 of the Dungeon.
             The game lasted 00:07:10 (2546 turns).

runemasterragnar the Ruffian (Troll Delver)         Turns: 2546, Time: 00:07:10

Health: -2/61      AC:  7    Str: 21    XL:     6   Next: 86%
Magic:  7/7        EV:  7    Int:  8    God:    Vehumet [**....]
Gold:   122        SH:  7    Dex: 11    Spells: 4/7 levels left

rFire    . . .     SeeInvis .     - Unarmed
rCold    . . .     Faith    .   n - +0 kite shield
rNeg     . . .     Spirit   .   a - +0 robe
rPois    .         Reflect  .   (helmet restricted)
rElec    .         Harm     .   x - +0 cloak
rCorr    .         Rampage  .   (gloves unavailable)
Will     .....                  (boots unavailable)
Stlth    ++........             (no amulet)
HPRegen  0.60/turn              (no ring)
MPRegen  0.10/turn              (no ring)

@: lethally poisoned (-2 -> -24), berserk cooldown, slowed, very slow
A: large, unfitting armour, claws 3, regeneration 1, shaggy fur 1, tough skin 3
a: Renounce Religion


You were on level 3 of the Dungeon.
You worshipped Vehumet.
Vehumet was pleased with you.
You visited 1 branch of the dungeon, and saw 5 of its levels.
You also visited: Sewer.

You collected 122 gold pieces.

Inventory:

Hand Weapons
 u - a +2 spear of venom
Missiles
 t - 3 large rocks (quivered)
 y - 6 javelins
Armour
 a - a +0 robe (worn)
 n - a +0 kite shield (worn)
 x - a +0 cloak (worn)
Jewellery
 q - an uncursed amulet of the acrobat {unknown}
 v - an uncursed ring of fire
Wands
 f - a wand of digging (7)
 i - a wand of disintegration (12)
Scrolls
 b - a scroll of fog
 c - a scroll of magic mapping
 d - 3 scrolls of fear
 k - 6 scrolls of remove curse {unknown}
 o - 4 scrolls of identify {unknown}
 p - a scroll of enchant weapon {unknown}
 s - a scroll of enchant armour {unknown}
Potions
 e - 2 potions of lignification {unknown}
 g - 3 potions of heal wounds
 h - a potion of curing {unknown}
 j - 3 potions of flight {unknown}
 l - a potion of attraction {unknown}
 m - 4 potions of haste
 r - a potion of berserk rage
 w - a potion of might {unknown}


   Skills:
 - Level 3.1 Fighting
 - Level 2.2 Dodging
 - Level 3.2 Stealth
 + Level 1.2 Shields
 - Level 3.3 Unarmed Combat
 + Level 1.4 Spellcasting
 * Level 1.8 Conjurations
 * Level 1.9 Fire Magic


You had 4 spell levels left.
You knew the following spells:

 Your Spells              Type           Power        Failure   Level
a - Foxfire               Conj/Fire      12%          67%         1
b - Searing Ray           Conj           6%           82%         2

Your spell library contained the following spells:

 Spells                   Type           Power        Failure   Level
 Ignite Poison            Fire/Tmut/Pois 1%           99%         3


Dungeon Overview and Level Annotations

Branches:
Dungeon (5/15)             Temple (0/1) D:5           Sewer (visited)

Altars:
Fedhas
Makhleb
Sif Muna
Vehumet
Xom
Zin


Innate Abilities, Weirdness & Mutations

You are too large for most types of armour.
You have claws for hands.
Your natural rate of healing is unusually fast.
You are covered in fur. (AC +1)
You have extremely tough skin. (AC +3)


Message History

You mangle the kobold!!
You kill the kobold!
Vehumet accepts your kill.
* * * LOW HITPOINT WARNING * * *
You feel very sick.
* * * LOW HITPOINT WARNING * * *
You feel sick.
Items here: ( ))) †††.
You feel a strong urge to attack something.
* * * LOW HITPOINT WARNING * * *
You feel sick.
Found 18 gold pieces.
Unknown command.
Unknown command.
You are no longer berserk.
You are exhausted.
You feel yourself slow down.
* * * LOW HITPOINT WARNING * * *
You feel sick.
You die...

#.# #.# #.# #.#####
####### #.....#
##...... #.###.#
#..... ###.###.# #...#
##
.##...#.######..##..##
............))..@....#
......_.##.####..##..#
.........#.# #.## #
._..⌠....#.# ..#
.........#.# .#.#
......_......##.#
#.......##.#. #..
###...####.# .$.


There were no monsters in sight!

Vanquished Creatures
  A crimson imp (D:3)
  A jelly (D:5)
  Crazy Yiuf (D:2)
  2 orc wizards
  An orc priest (D:5)
  A hound (D:4)
  Jessica (D:2)
  7 gnolls
  6 adders (D:2)
  2 oozes
  3 worms
  4 dart slugs
  A leopard gecko (D:2)
  6 orcs
  2 ball pythons (Sewer)
  4 giant cockroaches
  12 hobgoblins
  4 quokkas
  8 bats
  6 frilled lizards
  10 goblins
  10 kobolds
  11 rats
104 creatures vanquished.

Notes
Turn   | Place    | Note
-------+----------+-------------------------------------------
     0 | D:5      | runemasterragnar the Troll Delver began the quest for the
                  | Orb.
     0 | D:5      | Reached XP level 1. HP: 22/22 MP: 0/0
    21 | D:5      | Found a radiant altar of Vehumet.
    21 | D:5      | Noticed a jelly
    26 | D:5      | Noticed a wight
    33 | D:5      | Killed a jelly
    34 | D:5      | Reached XP level 2. HP: 8/29 MP: 1/1
    34 | D:5      | Reached XP level 3. HP: 11/36 MP: 2/2
    41 | D:5      | Became a worshipper of Vehumet
    94 | D:5      | Reached XP level 4. HP: 38/44 MP: 3/3
   102 | D:5      | Found a glowing drain.
   135 | Sewer    | Entered a sewer
   220 | Sewer    | Noticed Purgy
   526 | D:3      | Reached XP level 5. HP: 53/53 MP: 4/4
   739 | D:2      | Reached * piety under Vehumet
   739 | D:2      | Offered knowledge of Foxfire by Vehumet.
   880 | D:1      | Learned a level 1 spell: Foxfire
  1055 | D:1      | Reached skill level 1 in Spellcasting
  1384 | D:2      | Noticed Jessica
  1390 | D:2      | Killed Jessica
  1517 | D:2      | Reached skill level 1 in Fire Magic
  1528 | D:2      | Reached XP level 6. HP: 56/61 MP: 6/6
  1535 | D:2      | Reached skill level 1 in Conjurations
  1679 | D:2      | Reached ** piety under Vehumet
  1679 | D:2      | Offered knowledge of Searing Ray by Vehumet.
  1690 | D:2      | Learned a level 2 spell: Searing Ray
  2073 | D:2      | Reached skill level 1 in Shields
  2182 | D:2      | Found a runed translucent door.
  2183 | D:2      | Noticed Crazy Yiuf
  2224 | D:2      | Killed Crazy Yiuf
  2440 | D:3      | Found a burning altar of Makhleb.
  2441 | D:3      | Found a shimmering altar of Xom.
  2492 | D:3      | Found a shimmering blue altar of Sif Muna.
  2492 | D:3      | Found a blossoming altar of Fedhas.
  2492 | D:3      | Found a glowing silver altar of Zin.
  2537 | D:3      | Offered knowledge of Ignite Poison by Vehumet.
  2545 | D:3      | HP: 2/61 [poisoned by an orc wizard]
  2546 | D:3      | Succumbed to an orc wizard's poison

Illustrated notes

Levels and vault maps discovered:
D:1:      minmay_arrival_stair_chambers, layout_rooms
D:2:      minmay_diamond_boxcup, layout_loops_cross, uniq_crazy_yiuf_cottage,
          uniq_jessica
D:3:      layout_loops_ring, grunt_temple_overflow_champion_of_chaos,
          grunt_temple_overflow_open, lemuel_round_altar,
          serial_co_window_serial, co_window_of_opportunity_a,
          co_window_paths_b, co_window_paths_a, co_window_paths_a,
          co_window_paths_b, co_window_broadway_b, co_window_corner_ca,
          co_window_2corner, co_window_unsneaky_path_b,
          co_window_unsneaky_path_b, co_window_2corner, minmay_close_crescents
D:4:      layout_layer_cave, gammafunk_temple_overflow_wave
D:5:      layout_cave_pools, kennysheep_little_box, temple_doors_e, basic_altar,
          gammafunk_ghost_hive, cheibrodos_sewer_entry_bend

Skill      XL: |  1  2  3  4  5  6 |
---------------+-------------------+-----
Stealth        | 3 |  3.2
Unarmed Combat | 3 |  3.3
Fighting       | 3 |  3.1
Dodging        | 2 |  2.2
Spellcasting   | 1 |  1.4
Fire Magic     | 1 |  1.9
Conjurations   | 1 |  1.8
Shields        | 1 |  1.2

Action                   |  1- 3 |  4- 6 || total
-------------------------+-------+-------++-------
Melee: Unarmed           |    15 |   250 ||   265
       Punch             |       |     2 ||     2
       Spear             |       |     3 ||     3
Evoke: Wand              |       |     4 ||     4
  Use: Scroll            |     1 |     2 ||     3
       Potion            |     1 |     3 ||     4
 Stab: Sleeping          |       |    14 ||    14
Armor: Robe              |     3 |    81 ||    84
Dodge: Dodged            |     5 |    88 ||    93
Block: Kite shield       |       |    54 ||    54
